AoeStats
← TUSHIRO1.2

Arena

510031693Analyzed
1v1 RM · 3d ago on Sep 29, 2026· 30m 54s· 2 players
Game mode
Random Map
Map size
Tiny (2 player)
Population
200
Speed
Normal
Resources
Standard
Victory
Conquest
Starting age
Dark Age
Ending age
Imperial Age
RankedLock teamsTeams togetherTeam positionsShared explorationLock speedFull tech treeHidden civsTurbo modeCheats
Victory
Defeat
🇲🇽 Maya · Mexico
1051
+49
🇨🇳 Italians · China
1075
-17
TUSHIRO1.2
0:35 Loom
12:02 Feudal Age
15:35 Castle Age
14:43 Fletching
14:53 Town Watch
16:36 Double-Bit Axe
19:00 Bow Saw
20:18 Padded Archer Armor
22:53 Bodkin Arrow
29:34 Leather Archer Armor
Wololo
7:35 Loom
10:20 Feudal Age
14:30 Castle Age
12:47 Double-Bit Axe
12:48 Horse Collar
17:29 Bow Saw
19:08 Heavy Plow
20:21 Wheelbarrow
19:34 Loom
19:37 Town Watch
21:19 Hand Cart
22:12 Scale Barding Armor
23:18 Bloodlines
23:11 Husbandry
24:08 Light Cavalry
26:24 Chain Barding Armor
Connection lost

Rejoining the realm…

Still unreachable

The connection could not be restored.

Session expired

The server has moved on; the page needs a fresh start.